 Dungeon Crawl Stone Soup version 0.26-a0-639-g72c4674329 (webtiles) character file.

Game seed: 9707010780069688233

2722 Lanoc the Prestidigitator (level 9, -12/62 HPs)
             Began as an Octopode Artificer on Sept 17, 2020.
             Was an Initiate of Gozag.
             Splashed by a gnoll's acid (17 damage)
             ... on level 7 of the Dungeon.
             The game lasted 00:15:41 (8742 turns).

Lanoc the Prestidigitator (Octopode Artificer)      Turns: 8742, Time: 00:15:41

Health: -12/62     AC:  3    Str: 11    XL:     9   Next: 66%
Magic:  0/9        EV: 19    Int: 13    God:    Gozag
Gold:   760        SH:  0    Dex: 28    Spells: 8/8 levels left

rFire    . . .     SeeInvis .   w - +2 short sword (holy)
rCold    + . .     Faith    .   (no shield)
rNeg     . . .     Spirit   +   v - +2 hood of the Assassin {Detection Stab+ Stlth++}
rPois    .         Reflect  .   F - amulet of guardian spirit
rElec    .         Harm     .   e - ring of stealth
rCorr    .         Rampage  .   l - +6 ring of dexterity
MR       .....                  q - +6 ring of dexterity
Stlth    +++++++++.             s - ring of protection from cold
HPRegen  0.20/turn              (no ring)
MPRegen  0.11/turn              (no ring)
                                (no ring)
                                (no ring)

@: brilliant, gold aura, hasted, lightly drained, very quick
A: almost no armour, stealthy swim, amphibious, 8 rings, constrict 8, camouflage
1, gelatinous body 1
a: Potion Petition, Call Merchant, Bribe Branch, Renounce Religion


You were on level 7 of the Dungeon.
You worshipped Gozag.
Gozag was pleased with you.
You visited 2 branches of the dungeon, and saw 8 of its levels.
You also visited: Sewer and Ossuary.

You collected 835 gold pieces.
You donated 16 gold pieces to Zin.
You paid 59 gold pieces to Gozag.

Inventory:

Hand Weapons
 w - a +2 short sword of holy wrath (weapon)
Missiles
 k - 4 curare-tipped darts (quivered)
Armour
 v - the +2 hood of the Assassin (worn) {Detection Stab+ Stlth++}
   (You found it on level 7 of the Dungeon)

   It makes you much more stealthy.
Jewellery
 e - a ring of stealth (left tentacle)
 l - a +6 ring of dexterity (right tentacle)
 q - a +6 ring of dexterity (on tentacle)
 s - a ring of protection from cold (on tentacle)
 F - an amulet of guardian spirit (around mantle)
Wands
 b - a wand of flame (27)
 d - a wand of random effects (10)
 D - a wand of paralysis (2)
Scrolls
 g - 3 scrolls of enchant weapon
 h - 3 scrolls of remove curse
 o - 2 scrolls of magic mapping
 r - 5 scrolls of blinking
 y - 3 scrolls of teleportation
 C - a scroll of amnesia
Potions
 a - 9 potions of might
 f - a potion of haste
 i - a potion of berserk rage
 m - a potion of curing
 n - 6 potions of flight
 p - 2 potions of degeneration {unknown}
 t - a potion of resistance
 u - a potion of lignification {unknown}
 z - 4 potions of brilliance
 E - a potion of stabbing
 H - 2 potions of invisibility


   Skills:
 + Level 6.2(5.8) Fighting
 + Level 6.6(6.1) Dodging
 + Level 4.9(4.5) Stealth
 * Level 10.2(9.7) Evocations


You had 8 spell levels left.
You didn't know any spells.
Your spell library contained the following spells:

 Spells                   Type           Power        Failure   Level
 Magic Dart               Conj           #...         30%         1
 Searing Ray              Conj           #.....       43%         2
 Dazzling Flash           Conj/Hex       #.....       67%         3
 Fulminant Prism          Conj/Hex       #.........   97%         4
 Iskenderun's Mystic Bla  Conj/Tloc      #.......     97%         4


Dungeon Overview and Level Annotations

Branches:
Dungeon (7/15)             Temple (1/1) D:5           Sewer (visited)
Ossuary (visited)

Altars:
Cheibriados
Dithmenos
Elyvilon
Fedhas
Gozag
Hepliaklqana
Kikubaaqudgha
Makhleb
Nemelex Xobeh
Okawaru
Qazlal
Ru
Sif Muna
Trog
Uskayaw
Vehumet
Wu Jian
Xom
Yredelemnul
Zin
The Shining One

Annotations:
D:7 Borgoz's ghost, novice OgBe


Innate Abilities, Weirdness & Mutations

You cannot wear most types of armour.
You are very stealthy in the water. (Stealth+)
You are amphibious.
You can wear up to eight rings at the same time.
You can use your tentacles to constrict eight enemies at once.
Your skin changes colour to match your surroundings (Stealth+).
Your rubbery body absorbs attacks. (AC +1, EV +1)


Message History

Aim: Borgoz's ghost, wielding a weapon of protection (chance to defeat MR: 43%) Borgoz's ghost is no longer distracted by gold.
Borgoz's ghost resists with some effort.
The now-empty wand crumbles to dust.
You enter the transporter and appear at another place.
Borgoz's ghost barely misses you.
Your gnoll hits Borgoz's ghost with a +0 spear.
Borgoz's ghost hits your gnoll sergeant!
Your gnoll zaps a wand.
The bolt of acid hits Borgoz's ghost!!
Borgoz's ghost is splashed with acid.
The acid corrodes Borgoz's ghost!
The bolt of acid hits your gnoll sergeant!!
Your gnoll sergeant is splashed with acid.
The acid corrodes your gnoll sergeant!
Your gnoll sergeant dies!
The bolt of acid hits you!!
* * * LOW HITPOINT WARNING * * *
You are splashed with acid!
You die...
Your body crumbles into a pile of gold.

#############################
............................#
............................#
.≈≈≈≈≈≈≈≈≈≈≈≈≈≈≈≈≈≈≈≈≈≈≈≈≈..#
.≈≈≈≈≈≈≈≈≈≈≈≈≈≈≈@≈≈≈≈≈≈≈≈≈..# #
.≈≈#####......$....#####≈≈..# #
.≈≈#.#.#.###gW.###.#.#{#≈≈..#####
.≈≈#...###©#####.###{..#≈≈.......
.≈≈###.g............{###≈≈..##...
.≈≈.8#.##g###'######.#8.≈≈..#....
.≈≈.##.#.gg#..8#g$$#.##.≈≈.##....
.≈≈.#.{'.....©⌠#:.$'..#.≈≈.......
.≈≈.##.#...#..8#[[$#.##.≈≈.##....


You could see Borgoz's ghost (corroded), 2 gnolls and a friendly gnoll
(charmed).

Vanquished Creatures
  Pikel (D:7)
  Joseph (D:7)
  A hippogriff (D:7)
  Sigmund (D:5)
  2 ice beasts (D:6)
  3 centaurs
  3 lemures
  2 big kobolds (Sewer)
  A bullfrog (D:6)
  2 scorpions
  3 howler monkeys
  A centaur zombie (D:7)
  3 hounds
  A jelly (D:5)
  A bullfrog skeleton (D:6)
  2 orc priests (D:5)
  2 orc wizards
  Terence (D:2)
  3 worker ants
  A hound skeleton (D:6)
  A hound zombie (D:6)
  12 mummies (Ossuary)
  A howler monkey skeleton (D:6)
  2 gnolls (D:2)
  10 adders
  2 river rats (D:6)
  2 white imps
  An ufetubus (D:7)
  An ooze (Sewer)
  An adder skeleton (D:4)
  A worm (D:4)
  5 leopard geckos
  18 orcs
  A ball python (Sewer)
  5 giant cockroaches
  5 goblins (D:3)
  2 hobgoblins (D:3)
  15 kobolds
  3 quokkas (D:7)
  2 bats
  3 frilled lizards
  5 gnoll skeletons (Ossuary)
  A goblin skeleton (Ossuary)
  A jackal skeleton (D:7)
  A kobold skeleton (Ossuary)
  An orc skeleton (Ossuary)
  7 rats
  11 rat skeletons (Ossuary)
155 creatures vanquished.

Vanquished Creatures (collateral kills)
  A gnoll sergeant (D:7)
  A gnoll (D:7)
  A white imp (D:7)
  An adder zombie (D:7)
  An orc (D:5)
5 creatures vanquished.

Vanquished Creatures (others)
  A gnoll sergeant (D:7)
  An orc priest (D:5)
  7 plants
9 creatures vanquished.

Grand Total: 169 creatures vanquished

Notes
Turn   | Place    | Note
-------+----------+-------------------------------------------
     0 | D:1      | Lanoc the Octopode Artificer began the quest for the Orb.
     0 | D:1      | Reached XP level 1. HP: 13/13 MP: 1/1
    55 | D:2      | Found a blossoming altar of Fedhas.
    72 | D:2      | Reached XP level 2. HP: 15/18 MP: 2/2
   238 | D:2      | Found an ornate altar of the Wu Jian Council.
   261 | D:2      | Noticed Terence
   268 | D:2      | Killed Terence
   268 | D:2      | Reached skill level 4 in Evocations
   268 | D:2      | Reached XP level 3. HP: 22/24 MP: 3/3
   369 | D:3      | Reached XP level 4. HP: 20/29 MP: 4/4
   712 | D:3      | Found a glowing golden altar of the Shining One.
   848 | D:3      | Found a faded altar of an unknown god.
   944 | D:3      | Became a worshipper of Zin the Law-Giver
   944 | D:3      | Reached * piety under Zin
  1392 | D:3      | Reached XP level 5. HP: 31/35 MP: 5/5
  1475 | D:3      | Reached ** piety under Zin
  1732 | D:3      | Reached skill level 5 in Evocations
  1945 | D:4      | Reached XP level 6. HP: 31/41 MP: 6/6
  2119 | D:4      | Found a hazy altar of Hepliaklqana.
  2469 | D:5      | Entered Level 5 of the Dungeon
  2546 | D:5      | Noticed Sigmund
  2570 | D:5      | Reached skill level 6 in Evocations
  2626 | D:5      | Found a sand-covered staircase.
  2632 | Ossuary  | Entered an ossuary
  3131 | Ossuary  | Reached XP level 7. HP: 35/46 MP: 7/7
  3217 | Ossuary  | Reached *** piety under Zin
  3922 | D:5      | Found a staircase to the Ecumenical Temple.
  3928 | Temple   | Entered the Ecumenical Temple
  4154 | Temple   | Fell from the grace of Zin
  4154 | Temple   | Became a worshipper of Gozag Ym Sagoz the Greedy
  4241 | D:5      | Killed Sigmund
  4241 | D:5      | Reached skill level 7 in Evocations
  4615 | D:6      | Found a glowing drain.
  4633 | Sewer    | Entered a sewer
  4957 | Sewer    | Reached XP level 8. HP: 54/54 MP: 8/8
  4971 | Sewer    | Reached skill level 5 in Dodging
  5380 | D:6      | Reached skill level 8 in Evocations
  6153 | D:6      | Reached skill level 5 in Fighting
  6421 | D:6      | Got a translucent hand axe
  6421 | D:6      | Identified the +2 hand axe of Bugioss {antimagic, *Noise
                  | rF+ Dex+4 Stlth+} (You found it on level 6 of the Dungeon)
  6457 | D:7      | Noticed Pikel
  6640 | D:7      | Found a hide-covered altar of Uskayaw.
  6640 | D:7      | Found the +2 hood of the Assassin {Detection Stab+ Stlth++}
  6643 | D:7      | Noticed a +0 dagger
  6643 | D:7      | Noticed a +0 dagger
  7197 | D:7      | Reached skill level 9 in Evocations
  7423 | D:7      | Killed Pikel
  7423 | D:7      | Reached XP level 9. HP: 37/62 MP: 3/9
  7581 | D:7      | Found a radiant altar of Vehumet.
  8212 | D:7      | Found a glowing golden altar of the Shining One.
  8249 | D:7      | Noticed Borgoz's ghost (novice OgBe)
  8257 | D:7      | Found a transporter.
  8283 | D:7      | Found a transporter.
  8292 | D:7      | Noticed Joseph
  8301 | D:7      | Paralysed by Joseph for 6 turns
  8322 | D:7      | Killed Joseph
  8322 | D:7      | Reached skill level 10 in Evocations
  8494 | D:7      | Found a bloodstained altar of Trog.
  8496 | D:7      | Found a glowing silver altar of Zin.
  8742 | D:7      | Splashed by a gnoll's acid

Illustrated notes

Levels and vault maps discovered:
D:1:      nicolae_arrival_washed_ashore, layout_basic
D:2:      layout_basic, grunt_temple_overflow_open, uniq_terence
D:3:      minmay_general_purpose_star, layout_rooms,
          chequers_ecumenical_altar_grove, minmay_misc_feat_rugged,
          corexii_shack, tso_altar
D:4:      layout_basic, kennysheep_little_box, st_stairs_10
D:5:      layout_loops_cross, minmay_temple_entry_fiery,
          nicolae_ossuary_entry_plus, uniq_sigmund
D:6:      layout_gridville, portal_sewer_entry_b,
          corexii_item_surrounded_by_moat
D:7:      layout_cave_pools, dancing_weapons_uskayaw, vehumet_crystals,
          nicolae_overflow_hidden_temple, gammafunk_ghost_gnarly_gnolls,
          chequers_serial_rivers_small_b, uniq_joseph, uniq_pikel
Temple:   nicolae_temple_figure_eight

Skill      XL: |  1  2  3  4  5  6  7  8  9 |
---------------+----------------------------+-----
Evocations     | 4 5 6 7 9 10 | 10.2
Fighting       | 2 3 4 5 6 |  6.2
Dodging        | 3 4 6 |  6.6
Stealth        | 3 4 |  4.9

Action                   |  1- 3 |  4- 6 |  7- 9 || total
-------------------------+-------+-------+-------++-------
Melee: Club              |    10 |       |       ||    10
       Tentacles         |     5 |    37 |    87 ||   129
       Constrict         |     8 |    36 |    61 ||   105
       Dagger            |    18 |    19 |       ||    37
       Unarmed           |       |    32 |       ||    32
       Short sword       |       |    66 |   255 ||   321
Throw: Dart              |       |       |     4 ||     4
Evoke: Wand              |       |     3 |    22 ||    25
  Use: Scroll            |       |     8 |    12 ||    20
       Potion            |       |       |     8 ||     8
 Stab: Sleeping          |       |    17 |    17 ||    34
       Distracted        |       |       |     5 ||     5
Armor: Skin              |       |     2 |    14 ||    16
Dodge: Dodged            |    19 |    62 |   294 ||   375

Table legend: (Time is in decaauts)
 A = Elapsed time spent in this place.
 B = Non-inter-level travel time spent in this place.
 C = Inter-level travel time spent in this place.
 D = Time resting spent in this place.
 E = Time spent auto-exploring this place.
 F = Levels seen in this place.
 G = Mean time per level.
                   A        B        C        D        E       F      G
               +--------+--------+--------+--------+--------+-----+--------+
         Total |   8752 |   8433 |    319 |    763 |   6094 |  10 |  875.2 |
       Dungeon |   7068 |   6779 |    289 |    763 |   4742 |   7 | 1009.7 |
        Temple |    257 |    227 |     30 |      0 |    187 |   1 |  257.0 |
         Sewer |    601 |    601 |      0 |      0 |    481 |   1 |  601.0 |
       Ossuary |    824 |    824 |      0 |      0 |    684 |   1 |  824.0 |
               +--------+--------+--------+--------+--------+-----+--------+

Top non-repeatable levels by time:
     D:6: 2120 daAuts
     D:7: 1471 daAuts
     D:3: 1415 daAuts
     D:5: 1005 daAuts
 Ossuary: 824 daAuts
     D:4: 691 daAuts
   Sewer: 601 daAuts
     D:2: 339 daAuts
  Temple: 257 daAuts
     D:1: 24 daAuts
